 Dungeon Crawl Stone Soup version 0.25-a0-435-g4b9beb1024 (webtiles) character file.

Game seed: 11121547924444341529, levelgen mode: deterministic

952 LSt the Destroyer (level 7, -4/36 HPs)
             Began as a Deep Elf Conjurer on Jan 27, 2020.
             Shot with an arrow by a centaur (11 damage)
             ... on level 5 of the Dungeon.
             The game lasted 00:38:11 (5857 turns).

LSt the Destroyer (Deep Elf Conjurer)               Turns: 5857, Time: 00:38:12

Health: -4/36      AC:  2    Str:  9    XL:     7   Next: 90%
Magic:  0/18       EV: 13    Int: 22    God:
Gold:   126        SH:  0    Dex: 15    Spells: 7/18 levels left

rFire    . . .     SeeInvis .   r - +0 hunting sling
rCold    . . .     Gourm    +   (no shield)
rNeg     . . .     Faith    .   a - +0 robe
rPois    .         Spirit   .   (no helmet)
rElec    .         Reflect  .   (no cloak)
rCorr    .         Harm     .   (no gloves)
MR       .....                  (no boots)
Stlth    ++........             j - amulet of the gourmand
HPRegen  0.12/turn              i - +4 ring of strength
MPRegen  0.16/turn              k - ring of flight

@: very slightly contaminated, hasted, very quick
A: no striking features
a: Evoke Flight


You were on level 5 of the Dungeon.
You were very full.

You visited 1 branch of the dungeon, and saw 5 of its levels.

You collected 126 gold pieces.

Inventory:

Hand Weapons
 e - a +0 club
 l - a +0 hand axe
 o - a +0 hand axe of flaming
 r - a +0 hunting sling (weapon)
 v - a +0 hand axe of flaming
 z - a +2 war axe of freezing
 A - a +0 shortbow
Missiles
 d - 25 poisoned darts (quivered)
 f - 141 stones
 g - 22 bolts
 m - 37 sling bullets
 p - 5 boomerangs
 B - 8 arrows
 C - 2 javelins
Armour
 a - a +0 robe (worn)
 w - a +0 leather armour
Jewellery
 i - a +4 ring of strength (left hand)
 j - an amulet of the gourmand (around neck)
 k - a ring of flight (right hand)
Scrolls
 h - 2 scrolls of identify
 n - a scroll of magic mapping {unknown}
 q - 2 scrolls of teleportation {unknown}
 s - a scroll of noise {unknown}
 t - a scroll of blinking {unknown}
 x - a scroll of amnesia
 y - a scroll of enchant armour {unknown}
Potions
 D - a potion of agility {unknown}
 E - a potion of berserk rage {unknown}
Comestibles
 c - 7 rations
 F - 3 chunks of flesh


   Skills:
 - Level 2.4 Dodging
 - Level 2.4 Stealth
 - Level 6.0 Spellcasting
 + Level 8.8 Conjurations
 - Level 4.4 Hexes
 - Level 2.0 Translocations


You had 7 spell levels left.
You knew the following spells:

 Your Spells              Type           Power        Failure   Level  Hunger
a - Magic Dart            Conj           ####         1%          1    None
b - Searing Ray           Conj           #####.       1%          2    None
c - Fulminant Prism       Conj/Hex       #####.....   6%          4    ###....
d - Iskenderun's Mystic   Conj/Tloc      ####....     10%         4    ###....

Your spell library contained the following spells:

 Spells                   Type           Power        Failure   Level  Hunger
 Dazzling Flash           Conj/Hex       #####.       1%          3    #......


Dungeon Overview and Level Annotations

Branches:
Dungeon (5/15)
 Temple: D:4-7

Altars:
Ashenzari
Elyvilon
Fedhas
Ru
Sif Muna
Wu Jian
Xom
Yredelemnul
Zin


Message History

You miscast Iskenderun's Mystic Blast.
You are very lightly contaminated with residual magic.
Your hair stands on end.
The centaur shoots an arrow.
The arrow closely misses you.
The centaur shoots an arrow.
The arrow barely misses you.
Casting: Iskenderun's Mystic Blast (safe; 10% risk of failure)
Confirm with . or Enter, or press ? or * to list all spells.
You erupt in a blast of force!
The mystic blast hits the centaur.
The centaur is heavily wounded.
The centaur is knocked back by the mystic blast.
The centaur shoots an arrow.
The arrow misses you.
You close the door.
Okay, then.
Okay, then.
Okay, then.
As you read the scroll of fog, it crumbles to dust.
The scroll dissolves into smoke.
A centaur opens the door.
The centaur shoots an arrow.
The arrow closely misses you.
You feel yourself speed up.
The centaur shoots an arrow.
The arrow hits you!
You die...

....####....
#.......#'##+#
#.......+....#
#.......#....#
+.....c.#....#
#.....<.####.#
#####......#.####+##
#......#§§.(...#
#...)..#@§.....#
#.....c§§§§....#
#......#§§§....#
#......#..######
......#####+##
.......# ........#
........# ######...


You could see a centaur.

Vanquished Creatures
  Edmund (D:5)
  Duvessa (D:4)
  A phantom (D:4)
  A centaur (D:4)
  A scorpion (D:4)
  Dowan (D:4)
  A hound (D:4)
  2 orc priests
  Terence (D:2)
  4 orc wizards
  Natasha (thrice) (D:3)
  An iguana (D:4)
  7 adders
  An ooze (D:4)
  An adder skeleton (D:4)
  A worm (D:2)
  2 dart slugs (D:1)
  3 leopard geckos
  11 orcs
  A ball python (D:3)
  A bat (D:1)
  5 giant cockroaches
  7 hobgoblins
  4 jackals (D:4)
  8 kobolds
  3 quokkas
  5 frilled lizards
  5 goblins (D:3)
  7 rats
90 creatures vanquished.

Vanquished Creatures (others)
  12 fulminant prisms
12 creatures vanquished.

Grand Total: 102 creatures vanquished

Notes
Turn   | Place    | Note
-------+----------+-------------------------------------------
     0 | D:1      | LSt the Deep Elf Conjurer began the quest for the Orb.
     0 | D:1      | Reached XP level 1. HP: 10/10 MP: 6/6
   173 | D:1      | Reached XP level 2. HP: 15/15 MP: 4/8
   177 | D:1      | Learned a level 2 spell: Searing Ray
   264 | D:1      | Reached skill level 5 in Conjurations
  1185 | D:2      | Noticed Terence
  1369 | D:2      | Found a white marble altar of Elyvilon.
  1476 | D:2      | Found an ornate altar of the Wu Jian Council.
  1524 | D:2      | Found a basalt altar of Yredelemnul.
  1555 | D:2      | Reached XP level 3. HP: 19/19 MP: 7/10
  1785 | D:2      | Found a glowing silver altar of Zin.
  1998 | D:2      | Reached XP level 4. HP: 24/24 MP: 7/12
  2085 | D:2      | Killed Terence
  2085 | D:2      | Reached skill level 6 in Conjurations
  2193 | D:2      | Learned a level 4 spell: Fulminant Prism
  2305 | D:2      | Reached skill level 1 in Hexes
  2444 | D:2      | Found a shattered altar of Ashenzari.
  2996 | D:3      | Reached XP level 5. HP: 25/28 MP: 5/13
  3223 | D:3      | Noticed Natasha
  3322 | D:3      | Killed Natasha
  3415 | D:3      | Noticed Natasha
  3420 | D:3      | Killed Natasha
  3611 | D:3      | Found a sacrificial altar of Ru.
  3701 | D:3      | Noticed Natasha
  3705 | D:3      | Killed Natasha
  3705 | D:3      | Reached XP level 6. HP: 32/32 MP: 8/14
  3767 | D:3      | Learned a level 4 spell: Iskenderun's Mystic Blast
  3827 | D:3      | Reached skill level 1 in Translocations
  4249 | D:3      | Found a shimmering blue altar of Sif Muna.
  4577 | D:4      | Reached skill level 5 in Spellcasting
  4760 | D:4      | Reached XP level 7. HP: 28/36 MP: 5/17
  4915 | D:4      | Reached skill level 7 in Conjurations
  5092 | D:4      | Noticed Duvessa
  5092 | D:4      | Noticed Dowan
  5099 | D:4      | Killed Dowan
  5116 | D:4      | Killed Duvessa
  5137 | D:4      | Reached skill level 8 in Conjurations
  5602 | D:4      | Found a blossoming altar of Fedhas.
  5616 | D:4      | Noticed an angel
  5618 | D:4      | Found a glowing silver altar of Zin.
  5618 | D:4      | Found a shimmering altar of Xom.
  5795 | D:5      | Entered Level 5 of the Dungeon
  5815 | D:5      | Noticed Edmund
  5837 | D:5      | Killed Edmund
  5857 | D:5      | Shot with an arrow by a centaur

Levels and vault maps discovered:
D:1:      minmay_arrival_radiant_lines, layout_basic
D:2:      layout_loops_corners, overflow_temple_1_default, lemuel_round_altar,
          kennysheep_ying_yang, grunt_ministairs_4, lemuel_tele_altar,
          uniq_terence
D:3:      layout_basic, nicolae_ru_path_of_blood, lemuel_blue_sif_altar,
          first_ration, chequers_serial_rivers_small_b, hangedman_decor_push,
          uniq_natasha
D:4:      layout_loops_ring, grunt_temple_overflow_order_and_chaos_1,
          fedhas_altar_1, uniq_duvessa
D:5:      layout_gridville, uniq_blork_the_orc, uniq_edmund

Skill      XL: |  1  2  3  4  5  6  7 |
---------------+----------------------+-----
Conjurations   | 5 6 8 |  8.8
Spellcasting   | 4 5 6 |  6.0
Hexes          | 3 4 |  4.4
Translocations | 2 |  2.0
Dodging        | |  2.4
Stealth        | |  2.4

Action                   |  1- 3 |  4- 6 |  7- 9 || total
-------------------------+-------+-------+-------++-------
Throw: Dart              |       |       |     3 ||     3
 Cast: Magic Dart        |    42 |    75 |     9 ||   126
       Searing Ray       |     4 |    20 |     9 ||    33
       Fulminant Prism   |       |    10 |     2 ||    12
       Iskenderun's Myst |       |       |     4 ||     4
  Use: Scroll            |       |     3 |     1 ||     4
       Potion            |       |       |     2 ||     2
  Eat: Chunk             |     3 |    10 |    11 ||    24
Dodge: Dodged            |     1 |     6 |    16 ||    23

Table legend:
 A = Non-vault XP
 B = Vault XP
 C = Vault XP percentage of total XP
 D = Non-vault monster count
 E = Vault monster count
 F = Vault count percentage of total count
                 A         B        C        D         E       F
            +---------+---------+-------+---------+---------+-------
      Total |     905 |     455 |  33.5 |      83 |       7 |   7.8
            +---------+---------+-------+---------+---------+-------
        D:1 |      29 |       0 |   0.0 |      14 |       0 |   0.0
        D:2 |      81 |      55 |  40.4 |      13 |       3 |  18.8
        D:3 |     261 |      35 |  11.8 |      38 |       1 |   2.6
        D:4 |     534 |     211 |  28.3 |      18 |       2 |  10.0
        D:5 |       0 |     154 | 100.0 |       0 |       1 | 100.0
            +---------+---------+-------+---------+---------+-------
